 Dungeon Crawl Stone Soup version 0.31-a0-204-g7da18cac08 (webtiles) character file.

Game seed: 2346052159278919483

3331 Dittersdorf the Protected (level 10, -11/64 HPs)
             Began as a Gargoyle Fighter on June 27, 2023.
             Was a Believer of Okawaru.
             Killed from afar by Erica (16 damage)
             ... with a lance of force
             ... on level 8 of the Dungeon.
             The game lasted 00:09:21 (7540 turns).

Dittersdorf the Protected (Gargoyle Fighter)        Turns: 7540, Time: 00:09:21

Health: -11/64     AC: 21    Str: 24    XL:     10   Next: 2%
Magic:  10/10      EV:  9    Int:  9    God:    Okawaru [**....]
Gold:   399        SH: 10    Dex:  9    Spells: 9/9 levels left

rFire   . . .        a - +1 flail
rCold   + . .        p - +1 kite shield
rNeg    + . .        g - +1 ring mail {rC+}
rPois   ∞            (no helmet)
rElec   +            (no cloak)
rCorr   +            w - +0 pair of gloves
SInv    .            f - +0 pair of boots
Will    .....        (no amulet) Stlth
                     k - ring of resist corrosion
HPRegen 0.30/turn    n - +4 ring of protection
MPRegen 0.12/turn

%: no passive effects
@: slowed, very slow
A: sickness immunity, AC +7, negative energy resistance 1, electricity
resistance, torment resistance 1, petrification resistance
a: Renounce Religion, Heroism


You were on level 8 of the Dungeon.
You worshipped Okawaru.
Okawaru was pleased with you.
You visited 2 branches of the dungeon, and saw 9 of its levels.
You also visited: Sewer.

You collected 399 gold pieces.

Inventory:

Hand Weapons
 a - a +1 flail (weapon)
Missiles
 e - a throwing net
Armour
 f - a +0 pair of boots (worn)
 g - a +1 ring mail of cold resistance (worn)
 p - a +1 kite shield (worn)
 u - a +0 plate armour
 w - a +0 pair of gloves (worn)
Jewellery
 k - a ring of resist corrosion (left hand)
 n - a +4 ring of protection (right hand)
 t - a ring of positive energy
 z - a ring of protection from cold
Wands
 s - a wand of roots (9)
 x - a wand of digging (1)
Scrolls
 r - 2 scrolls of enchant armour
 v - 2 scrolls of fog
 y - 2 scrolls of teleportation
 A - a scroll of identify
Potions
 b - 2 potions of heal wounds {unknown}
 c - 2 potions of berserk rage {unknown}
 d - 2 potions of might
 h - a potion of invisibility
 i - 2 potions of curing {unknown}
 j - 4 potions of lignification {unknown}
 l - a potion of enlightenment
 m - a potion of brilliance
 o - 2 potions of mutation {unknown}
 q - a potion of magic


   Skills:
 + Level 8.3 Fighting
 + Level 7.2 Maces & Flails
 + Level 8.3 Armour
 + Level 8.2 Shields


You had 9 spell levels left.
You didn't know any spells.
Your spell library contained the following spells:

 Spells                   Type           Power      Damage    Failure   Level
 Freeze                   Ice            0%         1d3       73%         1
 Blink                    Tloc           0%         N/A       86%         2
 Frozen Ramparts          Ice            0%         1d1       97%         3
 Hailstorm                Conj/Ice       0%         3d3       97%         3
 Cause Fear               Hex            0%         N/A       100%        4
 Manifold Assault         Tloc           0%         N/A       100%        4
 Petrify                  Tmut/Erth      0%         N/A       100%        4
 Borgnjor's Vile Clutch   Necr/Erth      0%         N/A       100%        5
 Irradiate                Conj/Tmut      0%         3d11      100%        5
 Iskenderun's Battlesphe  Conj           0%         2d6       100%        5
 Leda's Unmaking          Conj/Erth      0%         9d1       100%        6
 Dragon Form              Tmut           0%         N/A       100%        7
 Storm Form               Tmut/Air       0%         N/A       100%        7
 Sublimation of Blood     Necr           Unusable   N/A       N/A         2
 Animate Dead             Necr           Unusable   N/A       N/A         4
 Death Channel            Necr           Unusable   N/A       N/A         6
 Spellforged Servitor     Conj/Summ      Unusable   N/A       N/A         7
 Dragon's Call            Summ           Unusable   N/A       N/A         9

Dungeon Overview and Level Annotations

Branches:
Dungeon (8/15)             Temple (1/1) D:6           Sewer (visited)
   Lair: D:8-11

Altars:
Fedhas
Gozag
Okawaru
Ru
Sif Muna
Trog
Yredelemnul
Zin

Shops:
D:7 =

Annotations:
D:8 Erica


Innate Abilities, Weirdness & Mutations

You are immune to sickness and miasma.
Your stone body is resilient. (AC +7)
You are immune to poison.
You resist negative energy. (rN+)
You are resistant to electric shocks. (rElec)
You are resistant to unholy torment.
You are immune to petrification.


Message History

You hear some strange, mumbled words.
You feel yourself slow down.
You closely miss something.
Something hits you but does no damage. x2
You hit something but do no damage. Something hits you but does no damage.
You block something's attack.
You barely miss something. Something hits you but does no damage.
Something hits you. Something burns you.
You completely miss something. Something hits you. Something burns you.
You closely miss something. Something hits you. Something burns you.
Something hits you but does no damage.
You sock something! Something hits you but does no damage.
You hit something. Something hits you! Something burns you.
Something hits you but does no damage.
You thump something!
You hear some strange, mumbled words.
You are confused.
Something hits you. Something burns you.
You thump something! Something hits you!
* * * LOW HITPOINT WARNING * * *
Something burns you.
* * * LOW HITPOINT WARNING * * *
You hear some strange, mumbled words.
A lance of force appears from out of thin air!
The lance of force hits you.
* * * LOW HITPOINT WARNING * * *
You are knocked back by the lance of force.
You're too confused to move!
You hear some strange, mumbled words.
A lance of force appears from out of thin air!
The lance of force hits you!
* * * LOW HITPOINT WARNING * * *
You are knocked back by the lance of force.
You slam into the rock wall!
You feel as though you will be slow longer.
You feel less confused. Something hits you but does no damage.
You hear some strange, mumbled words.
A lance of force appears from out of thin air!
The lance of force hits you!
You die...

#.#.# #.# #.#.#
#.# #.#.# #.#
#.#.####.#
#.#...##.######
#.#...........#
#.#....#.####.#
..######....{...#
............#@###
.############.#
####.# #.)..#
#.#### #.# #.#
###.#######
#.........#


There were no monsters in sight!

Vanquished Creatures
  Pikel (D:8)
  Prince Ribbit (D:7)
  A water moccasin (D:6)
  3 orc warriors
  2 black bears (D:6)
  2 sky beasts
  2 ice beasts
  3 ogres
  2 centaurs
  A lemure (D:8)
  2 phantoms
  4 bullfrogs
  2 scorpions
  2 hounds
  3 jellies
  2 orc priests (D:7)
  A sleepcap (D:6)
  4 iguanas
  5 orc wizards
  13 adders
  2 river rats (D:5)
  3 shadow imps
  3 white imps
  2 ufetubi
  2 worms
  2 dart slugs
  32 orcs
  2 bat skeletons (D:2)
  10 endoplasms
  12 goblins
  8 hobgoblins
  7 jackals
  4 quokkas
  16 ball pythons
  A ball python skeleton (D:2)
  6 bats
  7 frilled lizards
  2 giant cockroach zombies (D:2)
  8 kobolds
  A quokka skeleton (D:2)
  20 rats
206 creatures vanquished.

Notes
Turn   | Place    | Note
-------+----------+-------------------------------------------
     0 | D:1      | Dittersdorf the Gargoyle Fighter began the quest for the
                  | Orb.
     0 | D:1      | Reached XP level 1. HP: 14/14 MP: 1/1
     2 | D:1      | Noticed a formicid
     2 | D:1      | Noticed a naga
     4 | D:1      | Noticed a human
     4 | D:1      | Noticed a minotaur
     6 | D:1      | Noticed a felid
     6 | D:1      | Noticed a vine stalker
     8 | D:1      | Noticed a ghoul
     8 | D:1      | Noticed a meteoran
    10 | D:1      | Noticed a vampire
    10 | D:1      | Noticed an armataur
    12 | D:1      | Noticed a spriggan
    12 | D:1      | Noticed an ogre
    14 | D:1      | Noticed a tengu
    16 | D:1      | Noticed a demonspawn
    16 | D:1      | Noticed a draconian
    18 | D:1      | Noticed a troll
    18 | D:1      | Noticed a gargoyle
    20 | D:1      | Noticed a demigod
    22 | D:1      | Noticed an octopode
    22 | D:1      | Noticed a merfolk
    24 | D:1      | Noticed a troll
    26 | D:1      | Noticed a draconian
    26 | D:1      | Noticed a vine stalker
   219 | D:1      | Reached XP level 2. HP: 19/19 MP: 2/2
   605 | D:1      | Reached XP level 3. HP: 22/23 MP: 3/3
  1407 | D:2      | Reached XP level 4. HP: 29/29 MP: 4/4
  1940 | D:3      | Found a faded altar of an unknown god.
  2259 | D:3      | Reached XP level 5. HP: 30/33 MP: 5/5
  2832 | D:4      | Noticed an ogre
  2840 | D:4      | Killed an ogre
  2841 | D:4      | Reached XP level 6. HP: 15/39 MP: 6/6
  3301 | D:4      | Reached skill level 5 in Armour
  3440 | D:4      | Reached skill level 5 in Fighting
  3440 | D:4      | Reached skill level 5 in Shields
  3440 | D:4      | Reached XP level 7. HP: 43/44 MP: 7/7
  3736 | D:5      | Entered Level 5 of the Dungeon
  3921 | D:5      | Found a glowing drain.
  3925 | Sewer    | Entered a sewer
  4089 | Sewer    | Reached XP level 8. HP: 50/51 MP: 8/8
  4950 | D:6      | Reached skill level 5 in Maces & Flails
  5600 | D:6      | Reached XP level 9. HP: 33/56 MP: 9/9
  5893 | D:6      | Found a glowing silver altar of Zin.
  6038 | D:6      | Found a staircase to the Ecumenical Temple.
  6047 | Temple   | Entered the Ecumenical Temple
  6052 | Temple   | Became a worshipper of Warmaster Okawaru
  6286 | D:6      | Found an opulent altar of Gozag.
  6343 | D:7      | Found Dik Ahav's Jewellery Emporium.
  6635 | D:7      | Noticed Prince Ribbit
  6660 | D:7      | Killed Prince Ribbit
  6660 | D:7      | Reached * piety under Okawaru
  7153 | D:8      | Noticed Pikel
  7169 | D:8      | Killed Pikel
  7169 | D:8      | Reached ** piety under Okawaru
  7388 | D:8      | Reached XP level 10. HP: 42/64 MP: 10/10
  7510 | D:8      | Noticed Erica
  7535 | D:8      | HP: 3/64 [something/lance of force (8)]
  7540 | D:8      | Killed from afar by Erica

Illustrated notes

Levels and vault maps discovered:
D:1:      kb_arrival_jail, layout_loops_corners, roderic_st_hans_cross,
          nicolae_eternal_life, amcnicky_mini_pool_small,
          amcnicky_mini_rare_corridor_liquid
D:2:      layout_loops_ring, serial_undead, serial_undead_b, serial_undead_d,
          serial_undead_d, serial_undead_f, minmay_joined_circles
D:3:      layout_basic, chequers_ecumenical_altar_simple
D:4:      layout_loops_ring
D:5:      layout_basic, gup_sewer_entry_bowl
D:6:      layout_loops_corners, pdpol_temple_overflow_zin_treasury_gozag_greed,
          minmay_temple_entry_enclosed_plants
D:7:      layout_basic, serial_shops, nicolae_shop_gaudy_bauble,
          uniq_prince_ribbit1
D:8:      layout_loops_ring, serial_shops, kennysheep_little_box,
          nicolae_figureground_sparkle, uniq_pikel, uniq_erica
Temple:   hellmonk_temple_of_storms

Skill      XL: |  1  2  3  4  5  6  7  8  9 |
---------------+----------------------------+-----
Fighting       | 4 5 6 8 |  8.3
Armour         | 4 5 7 8 |  8.3
Shields        | 4 5 6 8 |  8.2
Maces & Flails | 3 4 5 7 |  7.2

Action                     |  1- 3 |  4- 6 |  7- 9 | 10-12 || total
---------------------------+-------+-------+-------+-------++-------
  Melee: Flail             |   134 |   244 |   531 |    27 ||   936
    Use: Scroll            |       |     5 |     8 |       ||    13
 Armour: Scale mail        |    71 |    69 |       |       ||   140
         Ring mail         |       |    54 |   302 |    16 ||   372
  Dodge: Dodged            |    75 |   103 |   198 |     4 ||   380
  Block: Buckler           |    40 |     8 |       |       ||    48
         Kite shield       |       |    96 |   293 |     3 ||   392

Table legend: (Time is in decaauts)
 A = Elapsed time spent in this place.
 B = Non-inter-level travel time spent in this place.
 C = Inter-level travel time spent in this place.
 D = Time resting spent in this place.
 E = Time spent auto-exploring this place.
 F = Levels seen in this place.
 G = Mean time per level.
                   A        B        C        D        E       F      G
               +--------+--------+--------+--------+--------+-----+--------+
         Total |   7873 |   7507 |    366 |    309 |   5103 |  10 |  787.3 |
       Dungeon |   7320 |   6958 |    362 |    246 |   4908 |   8 |  915.0 |
        Temple |     10 |      6 |      4 |      0 |      0 |   1 |   10.0 |
         Sewer |    542 |    542 |      0 |     63 |    195 |   1 |  542.0 |
               +--------+--------+--------+--------+--------+-----+--------+

Top non-repeatable levels by time:
     D:6: 1429 daAuts
     D:1: 1099 daAuts
     D:7: 987 daAuts
     D:4: 963 daAuts
     D:3: 902 daAuts
     D:2: 902 daAuts
     D:5: 760 daAuts
   Sewer: 542 daAuts
     D:8: 275 daAuts
  Temple: 10 daAuts
